 Dungeon Crawl Stone Soup version 0.18.1-47-g9310371 (webtiles) character file.

133 senseless the Skirmisher (level 5, -3/43 HPs)
             Began as a Human Fighter on June 17, 2016.
             Slain by an orc
             ... wielding a +0 trident
              (4 damage)
             ... on level 3 of the Dungeon.
             The game lasted 00:05:52 (2213 turns).

senseless the Skirmisher (Human Fighter)            Turns: 2213, Time: 00:05:54

Health: -3/43      AC:  6    Str: 16    XL:     5   Next: 39%
Magic:  5/5        EV:  8    Int:  8    God:
Gold:   42         SH:  9    Dex: 14    Spells: 0 memorised, 4 levels left

rFire  . . .     SeeInvis .     a - +0 flail
rCold  + . .     Gourm    .     q - +2 leather armour {rC+}
rNeg   . . .     Faith    .     c - +0 shield
rPois  .         Spirit   .     (no helmet)
rElec  .         Dismiss  .     n - +0 cloak
rCorr  .         Reflect  .     (no gloves)
SustAt .         Harm     .     (no boots)
MR     +....                    (no amulet)
Stlth  +.........               (no ring)
                                k - ring of protection from magic

@: somewhat resistant to hostile enchantments, very unstealthy
A: no striking features
a: no special abilities


You were on level 3 of the Dungeon.
You were not hungry.

You visited 1 branch of the dungeon, and saw 3 of its levels.

You collected 42 gold pieces.

Inventory:

Hand Weapons
 a - a +0 flail (weapon)
 m - a +2 quarterstaff of chaos
Armour
 b - a +0 scale mail
 c - a +0 shield (worn)
 n - a +0 cloak (worn)
 q - a +2 leather armour of cold resistance (worn)
Jewellery
 k - a ring of protection from magic (left hand)
Scrolls
 e - a scroll of random uselessness {unknown}
 g - 5 scrolls of identify {unknown}
 h - a scroll of teleportation {unknown}
 l - a scroll of fog {unknown}
 o - a scroll of recharging {unknown}
 p - a scroll of remove curse {unknown}
 r - a scroll of fear {unknown}
 t - a scroll of immolation {unknown}
Potions
 d - 2 potions of might
 j - a potion of agility
Comestibles
 f - 2 bread rations
 i - a meat ration


   Skills:
 * Level 4.6 Fighting
 + Level 2.7 Maces & Flails
 + Level 3.4 Armour
 + Level 3.5 Shields


You had 4 spell levels left.
You didn't know any spells.

Dungeon Overview and Level Annotations

Branches:
Dungeon (3/15)

Altars:


Message History

The orc barely misses you.
You closely miss the orc.
The orc is moderately wounded.
The orc barely misses you. The orc hits you but does no damage.
You barely miss the orc.
The orc is moderately wounded.
The orc barely misses you. You block the orc's attack. x2
You hit the orc.
The orc is lightly wounded.
The orc hits you from afar with a trident!
* * * LOW HITPOINT WARNING * * *
You block the orc's attack. The orc hits you but does no damage.
Your shield prevents you from hitting the orc.
The orc is moderately wounded.
The orc completely misses you. You block the orc's attack.
The orc hits you with a flail.
* * * LOW HITPOINT WARNING * * *
The orc closely misses you.
The orc hits you from afar with a trident.
You die...

.## ..# #.# #
###############.#
##.#............##.#####..
...............('..(......
#.......o....##.#####.#
#......o.....##..#
#.....@o.....###.##
..........o.....# #..#
.................# ##.#
.................# #.#
.................# #.# #..
.................# #.# #..
.................# #.# #..
##...########### #.###..
#..##..


You could see 4 orcs.

Vanquished Creatures
  Crazy Yiuf (D:2)
  An iguana (D:3)
  3 adders
  An ooze (D:2)
  A worm (D:3)
  2 dart slugs
  4 bats
  4 giant cockroaches
  5 goblins
  6 hobgoblins
  4 jackals
  6 kobolds
  2 giant newts (D:1)
  2 rats (D:1)
42 creatures vanquished.

Notes
Turn   | Place    | Note
--------------------------------------------------------------
     0 | D:1      | senseless the Human Fighter began the quest for the Orb.
     0 | D:1      | Reached XP level 1. HP: 18/18 MP: 1/1
   181 | D:1      | Reached XP level 2. HP: 18/24 MP: 2/2
   913 | D:2      | Reached XP level 3. HP: 29/29 MP: 3/3
  1070 | D:2      | Noticed Crazy Yiuf
  1076 | D:2      | Killed Crazy Yiuf
  1076 | D:2      | Reached skill level 4 in Fighting
  1076 | D:2      | Reached XP level 4. HP: 7/37 MP: 4/4
  1989 | D:3      | Reached XP level 5. HP: 42/43 MP: 5/5
  2073 | D:3      | HP: 2/43 [poisoned by an adder]
  2081 | D:3      | HP: 1/43 [poisoned by an adder]
  2213 | D:3      | HP: 1/43 [orc/flail (3)]
  2213 | D:3      | Slain by an orc

Skill      XL: |  1  2  3 |
---------------+----------+-----
Fighting       | 4 |  4.6
Maces & Flails | |  2.7
Armour         | |  3.4
Shields        | |  3.5

Action                   |  1- 3 |  4- 6 || total
-------------------------+-------+-------++-------
Melee: Flail             |    98 |   106 ||   204
  Use: Potion            |       |     1 ||     1
  Eat: Chunk             |     1 |     4 ||     5
Armor: Scale mail        |    57 |    29 ||    86
       Leather armour    |       |    22 ||    22
Dodge: Dodged            |    34 |    40 ||    74
Block: Shield            |    53 |    51 ||   104
